 Dungeon Crawl Stone Soup version 0.26-a0-27-g1f0226971c (webtiles) character file.

Game seed: 3410723438452377360, levelgen mode: deterministic

67 Esekla the Magician (level 4, 0/30 HPs)
             Began as a Demonspawn Wanderer on May 27, 2020.
             Slain by an orc priest
             ... wielding a +0 hand axe
              (3 damage)
             ... on level 3 of the Dungeon.
             The game lasted 00:16:40 (2034 turns).

Esekla the Magician (Demonspawn Wanderer)           Turns: 2034, Time: 00:16:42

Health: 0/30       AC:  9    Str: 13    XL:     4   Next: 0%
Magic:  0/9        EV: 11    Int: 13    God:
Gold:   153        SH:  0    Dex: 13    Spells: 4/10 levels left

rFire    . . .     SeeInvis .   c - +0 short sword
rCold    . . .     Gourm    .   (no shield)
rNeg     . . .     Faith    .   d - +0 robe
rPois    .         Spirit   +   (no helmet)
rElec    .         Reflect  .   (no cloak)
rCorr    .         Harm     .   (no gloves)
MR       .....                  g - +0 pair of boots
Stlth    +.........             h - amulet of guardian spirit
HPRegen  0.10/turn              (no ring)
MPRegen  0.11/turn              (no ring)

@: mighty, sanguine armour
A: hooves 1, powered by death 1, sanguine armour 1
a: no special abilities


You were on level 3 of the Dungeon.
You were hungry.

You visited 1 branch of the dungeon, and saw 3 of its levels.

You collected 153 gold pieces.

Inventory:

Hand Weapons
 c - a +0 short sword (weapon)
Missiles
 r - 15 poisoned darts (quivered)
Armour
 d - a +0 robe (worn)
 g - a +0 pair of boots (worn)
Jewellery
 h - an amulet of guardian spirit (around neck)
 i - an uncursed amulet of faith
Scrolls
 a - a scroll of teleportation {unknown}
 b - 2 scrolls of amnesia
 k - 2 scrolls of remove curse
 l - a scroll of identify
Potions
 e - 2 potions of might
 j - a potion of mutation {unknown}
 m - a potion of flight {unknown}
 n - a potion of berserk rage {unknown}
 o - a potion of curing {unknown}
 p - a potion of heal wounds {unknown}
 q - a potion of ambrosia {unknown}
Comestibles
 f - 4 rations


   Skills:
 * Level 0.1 Fighting
 + Level 0.2 Short Blades
 - Level 1.0 Throwing
 + Level 0.2 Dodging
   Level 1.0 Shields
 * Level 3.9 Spellcasting
 * Level 0.2 Conjurations
 * Level 1.1 Charms
 * Level 1.2 Necromancy
   Level 2.6 Fire Magic
 * Level 1.6 Air Magic


You had 4 spell levels left.
You knew the following spells:

 Your Spells              Type           Power        Failure   Level  Hunger
a - Shock                 Conj/Air       #...         14%         1    None
b - Swiftness             Chrm/Air       #.......     19%         2    ##.....
v - Vampiric Draining     Necr           #.........   36%         3    ###....

Your spell library contained the following spells:

 Spells                   Type           Power        Failure   Level  Hunger
 Animate Skeleton         Necr           N/A          12%         1    None
 Passwall                 Tmut/Erth      #.......     32%         2    ##.....
 Sticks to Snakes         Tmut           #.......     32%         2    ##.....
 Static Discharge         Conj/Air       #.......     38%         3    ###....
 Airstrike                Air            #.........   71%         4    ####...
 Lightning Bolt           Conj/Air       #.........   98%         5    ######.


Dungeon Overview and Level Annotations

Branches:
Dungeon (3/15)

Altars:
Cheibriados
Yredelemnul


Innate Abilities, Weirdness & Mutations

You have large cloven feet.
You regenerate a little health from kills.
When seriously injured, your bleeding wounds create armour. (AC +6)


Message History

As you read the scroll labeled UDAILIRO NEFUT, it crumbles to dust.
It is a scroll of identify.
e - 3 potions of might The orc hits you with a +0 hand axe!
Your blood congeals into armour.
The orc priest mumbles some strange prayers to Beogh against you.
Beogh smites you!
* * * LOW HITPOINT WARNING * * *
The orc priest closely misses you.
You feel very mighty all of a sudden. The orc closely misses you.
The orc priest hits you with a +0 hand axe.
* * * LOW HITPOINT WARNING * * *
Okay, then.
You puncture the orc priest!
The orc priest is severely wounded.
The orc priest calls upon Beogh to heal the orc priest.
The orc priest is healed somewhat.
The orc closely misses you. The orc hits you but does no damage.
The orc priest hits you with a +0 hand axe.
You die...

†.....# ##......†..#
......#########..........#
.........................#
##...##########.....######
###..##########...### #
#.>.........#...# #
####......#.#...###########
# #......#.#ooo..........#
# ########.#.@o..........#
# #.#.............# #
#.##.############ # #.##.#
#.##.# #.##.# #.##.# #.##.#
#.##.#


You could see 2 orc priests and 2 orcs.

Vanquished Creatures
  3 adders
  A leopard gecko (D:1)
  4 orcs (D:3)
  3 bats
  4 giant cockroaches
  6 goblins
  4 hobgoblins
  6 kobolds
  A frilled lizard (D:1)
  A rat (D:2)
33 creatures vanquished.

Notes
Turn   | Place    | Note
-------+----------+-------------------------------------------
     0 | D:1      | Esekla the Demonspawn Wanderer began the quest for the Orb.
     0 | D:1      | Esekla set off with the following items: a +0 dagger, a +0
                  | robe, a ration; and the following spells available to
                  | memorise: Animate Skeleton, Shock, Swiftness, Passwall,
                  | Sticks to Snakes, Vampiric Draining, Static Discharge,
                  | Airstrike, Lightning Bolt
     0 | D:1      | Reached XP level 1. HP: 13/13 MP: 4/4
    24 | D:1      | Learned a level 1 spell: Shock
   263 | D:1      | Gained mutation: When seriously injured, your bleeding
                  | wounds create armour. (AC +6) [demonic ancestry]
   263 | D:1      | Reached XP level 2. HP: 3/19 MP: 0/6
  1156 | D:1      | Learned a level 2 spell: Swiftness
  1261 | D:2      | Gained mutation: You regenerate a little health from kills.
                  | [demonic ancestry]
  1261 | D:2      | Reached XP level 3. HP: 11/24 MP: 1/8
  1367 | D:2      | Reached skill level 1 in Charms
  1429 | D:1      | Learned a level 3 spell: Vampiric Draining
  1638 | D:2      | You fall into a shaft and drop 1 floor!
  1803 | D:2      | Found a basalt altar of Yredelemnul.
  1803 | D:2      | Found a snail-covered altar of Cheibriados.
  1961 | D:3      | Gained mutation: You have large cloven feet. [demonic
                  | ancestry]
  1961 | D:3      | Reached XP level 4. HP: 26/30 MP: 6/9
  2034 | D:3      | Slain by an orc priest

Illustrated notes

Levels and vault maps discovered:
D:1:      tarquinn_simple_flora_water_d, layout_basic,
          chequers_serial_rivers_marsh
D:2:      layout_loops_ring, nicolae_overflow_hidden_temple, first_ration,
          minmay_misc_feat_chi
D:3:      layout_basic

Skill      XL: |  1  2  3 |
---------------+----------+-----
Charms         | 1 |  1.1
Fighting       | |  0.1
Short Blades   | |  0.2
Throwing       | |  1.0
Dodging        | |  0.2
Shields        | |  1.0
Spellcasting   | |  3.9
Conjurations   | |  0.2
Necromancy     | |  1.2
Fire Magic     | |  2.6
Air Magic      | |  1.6

Action                   |  1- 3 |  4- 6 || total
-------------------------+-------+-------++-------
Melee: Short sword       |   123 |     1 ||   124
 Cast: Shock             |    27 |       ||    27
  Use: Scroll            |       |     3 ||     3
       Potion            |       |     1 ||     1
  Eat: Chunk             |     3 |       ||     3
Armor: Robe              |    31 |     1 ||    32
Dodge: Dodged            |    80 |     5 ||    85

Table legend:
 A = Non-vault XP
 B = Vault XP
 C = Vault XP percentage of total XP
 D = Non-vault monster count
 E = Vault monster count
 F = Vault count percentage of total count
                 A         B        C        D         E       F
            +---------+---------+-------+---------+---------+-------
      Total |      97 |       0 |   0.0 |      33 |       0 |   0.0
            +---------+---------+-------+---------+---------+-------
        D:1 |      34 |       0 |   0.0 |      18 |       0 |   0.0
        D:2 |      28 |       0 |   0.0 |       4 |       0 |   0.0
        D:3 |      35 |       0 |   0.0 |      11 |       0 |   0.0
            +---------+---------+-------+---------+---------+-------
